 Dungeon Crawl Stone Soup version 0.21.1-1-g345015fe64 (webtiles) character file.

149 KleinerIrrer the Ducker (level 5, 0/36 HPs)
             Began as an Octopode Transmuter on Apr 17, 2018.
             Slain by a sky beast (5 damage)
             ... on level 3 of the Dungeon.
             The game lasted 00:06:24 (3988 turns).

KleinerIrrer the Ducker (Octopode Transmuter)       Turns: 3988, Time: 00:06:24

Health: 0/36       AC:  1    Str:  9    XL:     5   Next: 31%
Magic:  8/8        EV: 21    Int: 15    God:
Gold:   96         SH:  0    Dex: 19    Spells: 7/8 levels left

rFire    . . .     SeeInvis .   n - +5 dagger
rCold    . . .     Gourm    +   (no shield)
rNeg     . . .     Faith    .   (helmet restricted)
rPois    .         Spirit   .   e - amulet of the gourmand
rElec    .         Reflect  .   (no ring)
rCorr    .         Harm     .   (no ring)
MR       .....                  (no ring)
Stlth    ++++......             (no ring)
HPRegen  0.12/turn              (no ring)
MPRegen  0.11/turn              (no ring)
                                (no ring)
                                (no ring)

@: agile
A: almost no armour, stealthy swim, amphibious, 8 rings, constrict 8, camouflage
1, gelatinous body 1
a: no special abilities


You were on level 3 of the Dungeon.
You were very full.

You visited 1 branch of the dungeon, and saw 3 of its levels.

You collected 96 gold pieces.

Inventory:

Hand Weapons
 n - a +5 dagger (weapon)
 o - a +1 hunting sling of velocity
Missiles
 a - 12 arrows
 p - 67 stones (quivered)
Jewellery
 e - an amulet of the gourmand (around mantle)
 m - an uncursed amulet of guardian spirit
Scrolls
 f - a scroll of identify
 i - 2 scrolls of blinking {unknown}
 j - 2 scrolls of magic mapping {unknown}
 t - a scroll of teleportation {unknown}
 u - a scroll of remove curse {unknown}
 v - a scroll of enchant armour {unknown}
Potions
 d - 3 potions of lignification
 g - a potion of ambrosia
 h - a potion of resistance
Books
 b - a book of Changes

   Spells                             Type                      Level
   a - Beastly Appendage              Transmutation                1
   b - Sticks to Snakes               Transmutation                2
   c - Spider Form                    Transmutation/Poison         3
   d - Ice Form                       Ice/Transmutation            4
   e - Blade Hands                    Transmutation                5
Comestibles
 c - 11 rations


   Skills:
 + Level 3.5 Fighting
 + Level 4.0 Dodging
 - Level 3.0 Unarmed Combat
 - Level 2.0 Spellcasting
 - Level 2.0 Transmutations


You had 7 spell levels left.
You knew the following spells:

 Your Spells              Type           Power        Failure   Level  Hunger
a - Beastly Appendage     Tmut           #.....       10%         1    #......


Dungeon Overview and Level Annotations

Branches:
Dungeon (3/15)

Altars:
The Shining One

Annotations:
D:3 Purgy


Innate Abilities, Weirdness & Mutations

You cannot wear most types of armour.
You are very stealthy in the water. (Stealth+)
You are amphibious.
You can wear up to eight rings at the same time.
You can use your tentacles to constrict eight enemies at once.
Your skin changes colour to match your surroundings (Stealth+).
Your rubbery body absorbs attacks. (AC +1, EV +1)


Message History

The sky beast is severely wounded.
The sky beast barely misses you.
You barely miss the sky beast.
The sky beast is severely wounded.
The sky beast barely misses you.
You closely miss the sky beast.
The sky beast is severely wounded.
The sky beast misses you.
You hit the sky beast but do no damage.
The sky beast is severely wounded.
The sky beast closely misses you.
You closely miss the sky beast.
The sky beast is severely wounded.
The sky beast barely misses you.
You hit the sky beast. You squeeze the sky beast.
The sky beast is almost dead.
The sky beast hits you.
* * * LOW HITPOINT WARNING * * *
The sky beast shocks you.
You die...

...... #[. ......
#.# ...... #.#
....g. #.# ######
#.# ### #.##
#.####..########
#@Y.......>....##
#######.######..##
#.#### ##...
#....## ####
####..# ##.# #.#
#.# #.##


You could see a sky beast.

Vanquished Creatures
  3 adders
  4 gnolls
  An adder skeleton (D:3)
  A worm (D:3)
  2 dart slugs (D:2)
  4 leopard geckos
  An orc (D:3)
  2 ball pythons (D:3)
  5 giant cockroaches
  5 goblins
  6 hobgoblins
  15 jackals
  4 bats
  2 frilled lizards (D:2)
  5 kobolds
  6 rats
66 creatures vanquished.

Notes
Turn   | Place    | Note
-------+----------+-------------------------------------------
     0 | D:1      | KleinerIrrer the Octopode Transmuter began the quest for the Orb.
     0 | D:1      | Reached XP level 1. HP: 13/13 MP: 3/3
   384 | D:1      | Reached XP level 2. HP: 10/19 MP: 5/5
   822 | D:1      | Reached XP level 3. HP: 22/24 MP: 6/6
  1371 | D:2      | Reached skill level 3 in Dodging
  1828 | D:2      | Reached XP level 4. HP: 30/30 MP: 7/7
  2994 | D:3      | Noticed a gnoll sergeant
  2998 | D:3      | Noticed Purgy
  3060 | D:3      | Reached XP level 5. HP: 9/36 MP: 8/8
  3349 | D:3      | Found a glowing golden altar of the Shining One.
  3633 | D:3      | Noticed a sky beast
  3634 | D:3      | Reached skill level 4 in Dodging
  3650 | D:3      | HP: 1/36 [poisoned by an adder]
  3656 | D:3      | HP: 1/36 [poisoned by an adder]
  3988 | D:3      | Slain by a sky beast

Skill      XL: |  1  2  3  4  5 |
---------------+----------------+-----
Fighting       | 2 3 |  3.5
Dodging        | 3 4 |  4.0
Unarmed Combat | |  3.0
Spellcasting   | |  2.0
Transmutations | |  2.0

Action                   |  1- 3 |  4- 6 || total
-------------------------+-------+-------++-------
Melee: Unarmed           |    51 |       ||    51
       Tentacles         |    11 |    20 ||    31
       Constrict         |    17 |    23 ||    40
       Punch             |     1 |     4 ||     5
       Dagger            |    22 |   114 ||   136
  Use: Scroll            |       |     5 ||     5
       Potion            |       |     4 ||     4
 Stab: Sleeping          |     8 |     1 ||     9
  Eat: Chunk             |    12 |     6 ||    18
Armor: Skin              |     3 |     5 ||     8
Dodge: Dodged            |    35 |    96 ||   131
